 Dungeon Crawl Stone Soup version 0.28.0-53-g5a82cb258f (webtiles) character file.

Game seed: 6780993922980510284

165 Gabide the Skirmisher (level 5, 0/47 HPs)
             Began as a Draconian Monk on June 14, 2022.
             Slain by a river rat (4 damage)
             ... on level 3 of the Dungeon.
             The game lasted 00:02:49 (3505 turns).

Gabide the Skirmisher (Draconian Monk)              Turns: 3505, Time: 00:02:49

Health: 0/47       AC:  6    Str: 10 (13) XL:     5   Next: 22%
Magic:  5/5        EV: 13    Int:  8 (10) God:
Gold:   171        SH:  0    Dex: 15 (16) Spells: 4/4 levels left

rFire   . . .      SeeInvis .     - Unarmed
rCold   . . .      Faith    .   (no shield)
rNeg    . . .      Spirit   .   (armour unavailable)
rPois   .          Reflect  .   (helmet restricted)
rElec   .          Harm     .   (no cloak)
rCorr   .          Rampage  .   (no gloves)
Will    .....                   i - +0 pair of boots
Stlth   ++........              (no amulet)
HPRegen 0.15/turn               (no ring)
MPRegen 0.09/turn               (no ring)

@: no status effects
A: AC +5, unfitting armour, cold-blooded
a: no special abilities


You were on level 3 of the Dungeon.
You visited 1 branch of the dungeon, and saw 3 of its levels.

You collected 171 gold pieces.

Inventory:

Missiles
 d - 3 poisoned darts (quivered)
Armour
 i - a +0 pair of boots (worn)
Jewellery
 l - a ring of ice
Scrolls
 a - a scroll of enchant armour {unknown}
 b - a scroll of enchant weapon
 c - 3 scrolls of identify {unknown}
 f - a scroll of silence {unknown}
 h - a scroll of teleportation {unknown}
 k - a scroll of torment {unknown}
Potions
 g - a potion of mutation {unknown}
 j - a potion of lignification {unknown}
 m - a potion of brilliance {unknown}
 n - a potion of might {unknown}
 o - a potion of magic {unknown}


   Skills:
 + Level 4.6 Fighting
 + Level 3.8 Dodging
 - Level 1.7 Stealth
 + Level 4.2 Unarmed Combat


You had 4 spell levels left.
You didn't know any spells.
Your spell library was empty.

Dungeon Overview and Level Annotations

Branches:
Dungeon (3/15)

Altars:
Vehumet

Shops:
D:1 *

Annotations:
D:3 exclusion: statue


Innate Abilities, Weirdness & Mutations

Your plain brown scales are hard. (AC +5)
You cannot fit into any form of body armour.
You are cold-blooded and may be slowed by cold attacks.


Message History

You are too injured to fight recklessly!
You are too injured to fight recklessly!
You are too injured to fight recklessly!
You are too injured to fight recklessly!
The river rat closely misses you.
The river rat bites you but does no damage.
The river rat misses you. The river rat closely misses you.
The adder bites you but does no damage. The adder barely misses you. x2
The adder bites you.
You are poisoned.
The adder poisons you!
You feel very sick. The adder bites you but does no damage.
The adder bites you.
* * * LOW HITPOINT WARNING * * *
You feel sick. The adder misses you.
You feel sick. The adder closely misses you. The adder barely misses you.
You feel sick.
You are no longer poisoned.
The adder completely misses you. The adder closely misses you.
The adder barely misses you. The adder misses you.
You are too injured to fight recklessly!
You hit the adder.
The adder is heavily wounded.
The adder bites you but does no damage.
You closely miss the adder.
Your tail-slap misses the adder.
The adder is heavily wounded.
The adder closely misses you. The river rat bites you!
* * * LOW HITPOINT WARNING * * *
You closely miss the adder.
The adder is heavily wounded.
The adder misses you. The river rat barely misses you.
The adder bites you but does no damage.
It was a potion of degeneration.
There was something very wrong with that liquid.
You feel weakened.
You feel dopey.
You feel clumsy. The river rat bites you.
You die...

# ########.#.## #
#...(....#.# #
####.#.####.#.# #
#....≈≈#########
#####
#...≈≈≈#≈≈≈≈S≈†#
....#
#....#≈#######≈##
###.#
#...≈≈≈#≈≈≈≈≈≈≈≈#
##..r≈#≈#≈########
#..@S≈≈≈#≈≈≈≈≈##.#
##...≈#≈#r#≈#≈≈≈≈#
#...≈#≈#≈#≈######
#....#≈≈≈#≈≈≈≈≈≈#
#.....############
#.##### #. #.


You could see an adder and a river rat.

Vanquished Creatures
  A scorpion (D:3)
  A gnoll (D:3)
  2 river rats (D:3)
  4 adders (D:3)
  3 dart slugs
  2 worms (D:3)
  2 endoplasms (D:1)
  3 goblins
  2 hobgoblins
  A jackal (D:3)
  A quokka (D:2)
  4 ball pythons
  5 bats
  3 frilled lizards
  3 kobolds
  4 rats
41 creatures vanquished.

Notes
Turn   | Place    | Note
-------+----------+-------------------------------------------
     0 | D:1      | Gabide the Draconian Monk began the quest for the Orb.
     0 | D:1      | Reached XP level 1. HP: 19/19 MP: 1/1
   377 | D:1      | Reached XP level 2. HP: 19/26 MP: 2/2
   573 | D:1      | Found Muanerev's Assorted Antiques.
  1882 | D:3      | Noticed a scorpion
  1917 | D:3      | HP: 1/27 [poisoned by a scorpion]
  2450 | D:3      | Reached XP level 3. HP: 26/33 MP: 3/3
  2548 | D:3      | Killed a scorpion
  2549 | D:3      | Reached XP level 4. HP: 15/40 MP: 4/4
  2891 | D:3      | Found a radiant altar of Vehumet.
  2891 | D:3      | Noticed a charred statue
  3125 | D:3      | Reached XP level 5. HP: 26/47 MP: 5/5
  3505 | D:3      | Slain by a river rat

Illustrated notes

Levels and vault maps discovered:
D:1:      dpeg_arrival_shrine, layout_loops_corners, serial_shops, shop
D:2:      layout_basic
D:3:      layout_loops_ring, vehumet_statue, lightli_sewer_entry_pipes,
          minmay_joined_circles

Skill      XL: |  1  2  3  4 |
---------------+-------------+-----
Dodging        | 3 |  3.8
Fighting       | 4 |  4.6
Unarmed Combat | 4 |  4.2
Stealth        | |  1.7

Action                   |  1- 3 |  4- 6 || total
-------------------------+-------+-------++-------
Melee: Unarmed           |    93 |   105 ||   198
       Tailslap          |    11 |     7 ||    18
       Punch             |     1 |     2 ||     3
Throw: Dart              |     5 |       ||     5
  Use: Potion            |     1 |     1 ||     2
       Scroll            |     1 |       ||     1
 Stab: Sleeping          |     4 |     1 ||     5
Armor: Skin              |    16 |    27 ||    43
Dodge: Dodged            |    45 |    88 ||   133
